AoeStats
← 陟遐自迩

Lombardia

510035924Analyzed
4v4 RM · 3d ago on Sep 29, 2026· 96m 53s· 8 players
Game mode
Random Map
Map size
Large (8 player)
Population
200
Speed
Normal
Resources
Standard
Victory
Conquest
Starting age
Dark Age
Ending age
Imperial Age
RankedLock teamsTeams togetherTeam positionsShared explorationLock speedFull tech treeHidden civsTurbo modeCheats
Victory
Defeat
🇦🇷 Huns · Argentina
1076
+12
🇦🇷 Vietnamese · Argentina
1047
+13
🇵🇪 Cumans · Peru
940
+17
🇦🇷 Dravidians · Argentina
931
+19
🇩🇪 Varangians · Germany
1050
-18
🇹🇼 Spanish · Taiwan
1001
-16
🇺🇸 Jurchens · United States
942
-14
🇨🇳 Burgundians · China
915
-13
閒雲野鶴
5:37 Loom
12:17 Feudal Age
12:53 Double-Bit Axe
13:02 Horse Collar
30:08 Wheelbarrow
34:37 Castle Age
39:08 Heavy Plow
40:26 Gold Mining
45:03 Hand Cart
45:25 Stone Mining
46:04 Bow Saw
46:17 Caravan
47:06 Stone Shaft Mining
52:09 Imperial Age
51:26 Bloodlines
51:19 Husbandry
51:03 Light Cavalry
53:21 Conscription
52:30 Hussar
55:00 Two-Man Saw
56:56 Elite Conquistador
62:42 Forging
62:40 Scale Barding Armor
62:27 Fletching
64:15 Supremacy
66:31 Iron Casting
65:55 Bodkin Arrow
66:01 Padded Archer Armor
72:26 Blast Furnace
71:27 Bracer
71:43 Leather Archer Armor
71:51 Chain Barding Armor
71:17 Cavalier
74:08 Paladin
77:13 Plate Barding Armor
77:11 Ring Archer Armor
80:28 Ballistics
81:09 Chemistry
hayate kokoa
0:32 Loom
12:12 Feudal Age
12:36 Double-Bit Axe
18:40 Castle Age
17:40 Horse Collar
18:27 Gold Mining
29:10 Stone Mining
29:22 Heavy Plow
35:12 Imperial Age
33:20 Husbandry
32:40 Cavalier
33:58 Crop Rotation
34:08 Wheelbarrow
33:18 Town Watch
33:53 Town Watch
34:51 Stone Shaft Mining
34:51 Gold Shaft Mining
35:19 Hand Cart
35:27 Arson
35:42 Squires
35:03 Pikeman
36:50 Burgundian Vineyards
37:29 Paladin
38:43 Forging
38:38 Scale Barding Armor
38:34 Padded Archer Armor
40:43 Chemistry
39:54 Fortified Wall
39:25 Treadmill Crane
41:22 Iron Casting
41:17 Chain Barding Armor
43:04 Leather Archer Armor
43:50 Blast Furnace
43:28 Bow Saw
44:14 Guilds
44:05 Caravan
48:46 Plate Barding Armor
51:15 Light Cavalry
52:51 Hussar
56:48 Onager
62:31 Elite Skirmisher
63:58 Fletching
64:42 Conscription
64:59 Hoardings
67:34 Onager
68:26 Bodkin Arrow
74:29 Bracer
87:21 Scale Mail Armor
91:54 Chain Mail Armor
S1lv3r81
9:37 Loom
11:36 Feudal Age
16:30 Castle Age
15:14 Double-Bit Axe
19:05 Wheelbarrow
31:52 Imperial Age
30:16 Bow Saw
30:43 Town Watch
30:56 Gold Mining
31:26 Forging
31:22 Scale Barding Armor
31:35 Stone Mining
32:15 Elite Steppe Lancer
34:20 Iron Casting
35:16 Chain Barding Armor
35:09 Bloodlines
35:00 Husbandry
37:21 Blast Furnace
38:03 Plate Barding Armor
38:56 Conscription
38:49 Fletching
39:00 Padded Archer Armor
39:40 Hand Cart
39:32 Town Patrol
40:28 Gold Shaft Mining
41:18 Hoardings
42:33 Ballistics
43:14 Chemistry
43:54 Two-Man Saw
43:45 Bodkin Arrow
44:06 Leather Archer Armor
49:38 Bracer
50:08 Ring Archer Armor
50:49 Caravan
53:17 Murder Holes
53:02 Treadmill Crane
53:18 Heavy Rocket Cart
64:23 Elite Fire Lancer
64:28 Pikeman
65:08 Squires
66:13 Scale Mail Armor
72:20 Capped Ram
73:08 Siege Ram
76:24 Heavy Scorpion
85:35 Chain Mail Armor
85:31 Halberdier
86:30 Arson
90:44 Elite Skirmisher
陟遐自迩
0:55 Loom
14:11 Feudal Age
14:33 Horse Collar
20:23 Castle Age
19:41 Double-Bit Axe
20:00 Stone Mining
20:20 Forging
20:19 Scale Barding Armor
21:04 Scale Barding Armor
21:46 Wheelbarrow
22:30 Heavy Plow
23:13 Bow Saw
23:35 Bloodlines
26:48 Gold Mining
28:39 Stone Shaft Mining
34:55 Imperial Age
32:52 Town Watch
34:33 Hand Cart
35:24 Iron Casting
36:22 Conscription
37:06 Chain Barding Armor
37:26 Crop Rotation
38:29 Blast Furnace
38:33 Two-Man Saw
37:58 Elite Jarl
40:25 Plate Barding Armor
40:08 Gothikon
40:53 Scale Mail Armor
40:48 Fletching
42:19 Ballistics
43:01 Chemistry
43:45 Chain Mail Armor
43:53 Vendel Legacy
44:40 Husbandry
46:21 Caravan
45:52 Cavalier
47:06 Plate Mail Armor
51:11 Squires
50:57 Arson
51:03 Gambesons
51:14 Elite Varangian Guard
53:56 Onager
67:15 Pikeman
69:08 Halberdier
vloker1
4:04 Loom
9:50 Loom
12:02 Feudal Age
12:28 Double-Bit Axe
12:23 Horse Collar
21:08 Castle Age
19:29 Padded Archer Armor
19:19 Fletching
19:32 Fletching
22:10 Heavy Plow
22:22 Bow Saw
24:29 Leather Archer Armor
24:09 Bodkin Arrow
27:14 Wheelbarrow
28:11 Ballistics
33:55 Imperial Age
32:37 Murder Holes
32:55 Fortified Wall
35:02 Conscription
34:48 Medical Corps
34:47 Bracer
35:17 Ring Archer Armor
36:27 Thumb Ring
37:15 Gold Mining
38:53 Elite Elephant Archer
39:53 Hand Cart
42:51 Chemistry
42:48 Caravan
nanad14
0:34 Loom
12:31 Feudal Age
14:23 Double-Bit Axe
14:25 Horse Collar
19:13 Castle Age
18:26 Wheelbarrow
17:37 Town Watch
20:40 Husbandry
20:59 Gold Mining
22:07 Elite Skirmisher
23:04 Stone Mining
24:11 Stone Shaft Mining
25:06 Heavy Plow
25:22 Bow Saw
28:27 Fortified Wall
28:37 Hand Cart
30:27 Bloodlines
31:22 Ballistics
30:58 Murder Holes
31:16 Light Cavalry
36:39 Imperial Age
35:35 Forging
35:31 Scale Barding Armor
35:17 Fletching
35:28 Padded Archer Armor
36:05 Chatras
36:11 Scale Mail Armor
37:34 Bodkin Arrow
38:44 Chemistry
37:57 Masonry
37:25 Imperial Skirmisher
40:22 Paper Money
41:00 Iron Casting
40:07 Pikeman
40:49 Squires
42:45 Caravan
43:16 Devotion
43:46 Elite Battle Elephant
45:55 Chain Barding Armor
46:25 Crossbowman
47:22 Bracer
48:46 Chain Mail Armor
48:47 Leather Archer Armor
47:55 Elite Fire Lancer
48:56 Halberdier
50:17 Hoardings
50:25 Plate Barding Armor
59:07 Guard Tower
59:23 Siege Engineers
62:37 Cavalier
65:48 Keep
71:18 Elite Rattan Archer
76:52 Capped Ram
79:31 Man-at-Arms
85:22 Ring Archer Armor
85:23 Plate Mail Armor
88:48 Long Swordsman
89:14 Arson
90:56 Two-Handed Swordsman
91:33 Champion
96:56 Thumb Ring
asaenzb16_1
2:10 Loom
11:29 Feudal Age
12:20 Man-at-Arms
13:42 Forging
18:40 Scale Mail Armor
21:47 Double-Bit Axe
27:29 Castle Age
25:37 Horse Collar
27:36 Gold Mining
30:26 Bloodlines
32:25 Scale Barding Armor
34:06 Bow Saw
34:56 Caravan
37:29 Imperial Age
35:38 Chain Barding Armor
35:56 Iron Casting
37:08 Heavy Plow
39:28 Blast Furnace
39:26 Plate Barding Armor
39:44 Conscription
39:41 Fletching
41:38 Two-Man Saw
40:50 Padded Archer Armor
41:06 Elite Steppe Lancer
43:51 Wheelbarrow
44:42 Chemistry
43:49 Padded Archer Armor
45:04 Leather Archer Armor
44:42 Fletching
48:53 Bodkin Arrow
52:41 Murder Holes
53:30 Hand Cart
60:57 Elite Skirmisher
63:16 Ring Archer Armor
70:49 Stone Mining
71:51 Gold Shaft Mining
74:30 Thumb Ring
78:21 Elite Kipchak
81:06 Steppe Husbandry
80:37 Light Cavalry
81:11 Hussar
nehuen251
3:05 Loom
10:40 Feudal Age
12:09 Double-Bit Axe
17:09 Castle Age
17:41 Fletching
18:35 Husbandry
19:46 Bodkin Arrow
20:13 Horse Collar
25:31 Bloodlines
31:43 Imperial Age
29:27 Thumb Ring
30:35 Padded Archer Armor
32:18 Wheelbarrow
33:47 Ballistics
34:28 Chemistry
Connection lost

Rejoining the realm…

Still unreachable

The connection could not be restored.

Session expired

The server has moved on; the page needs a fresh start.